 Dungeon Crawl Stone Soup version 0.17.1-1-g73c8601 (webtiles) character file.

1777 Implojin the Grappler (level 8, -20/78 HPs)
             Began as a Troll Monk on Apr 8, 2016.
             Was a Priest of Okawaru.
             Demolished by a white ugly thing (22 damage)
             ... on level 10 of the Dungeon.
             The game lasted 00:08:37 (1476 turns).

Implojin the Grappler (Troll Monk)                  Turns: 1476, Time: 00:08:37

Health: -20/78     AC:  5    Str: 20    XL:     8   Next: 81%
Magic:  5/7        EV: 14    Int:  6    God:    Okawaru [***...]
Gold:   123        SH:  0    Dex: 14    Spells: 1 memorised, 5 levels left

rFire  . . .     SeeInvis .       - Unarmed
rCold  . . .     Clarity  .     a - +0 robe
rNeg   + . .     SustAt   +     (no shield)
rPois  .         Gourm    +     (helmet restricted)
rElec  .         Spirit   .     (no cloak)
rCorr  .         Warding  +     (gloves unavailable)
rMut   .         Stasis   .     (boots unavailable)
MR     .....                    i - amulet of warding
Stlth  ++........               x - ring of sustain attributes
                                (no ring)

@: heroism, not resistant to hostile enchantments, unstealthy
A: unfitting armour, claws 3, fast metabolism 3, gourmand, regeneration 2,
shaggy fur 1, tough skin 2
a: Heroism, Renounce Religion


You were on level 10 of the Dungeon.
You worshipped Okawaru.
Okawaru was most pleased with you.
You were very full.

You visited 1 branch of the dungeon, and saw 11 of its levels.

You collected 123 gold pieces.

Inventory:

Armour
 a - a +0 robe (worn)
Jewellery
 i - an amulet of warding (around neck)
 n - an uncursed ring of fire
 x - a ring of sustain attributes (right claw)
Scrolls
 h - 2 scrolls of identify
 m - a scroll of noise
 q - a scroll of blinking {unknown}
 s - a scroll of immolation
 w - a scroll of remove curse {unknown}
Potions
 c - a potion of lignification
 d - a potion of heal wounds {unknown}
 e - a potion of ambrosia {unknown}
 f - a potion of might {unknown}
 g - a potion of cancellation {unknown}
 j - a potion of curing {unknown}
 o - a potion of degeneration {unknown}
 z - a potion of flight {unknown}
Books
 p - a book of Debilitation

   Spells                             Type                      Level
   a - Corona                         Hexes                        1
   b - Slow                           Hexes                        2
   c - Gell's Gravitas                Hexes/Translocation          3
   d - Inner Flame                    Hexes/Fire                   3
   e - Cause Fear                     Hexes                        4
   f - Leda's Liquefaction            Hexes/Earth                  4
 u - a Necronomicon

   Spells                             Type                      Level
   a - Haunt                          Necromancy/Summoning         7
   b - Borgnjor's Revivification      Necromancy                   8
   c - Death's Door                   Charms/Necromancy            8
   d - Necromutation                  Transmutation/Necromancy     8
 v - a Young Poisoner's Handbook

   Spells                             Type                      Level
   a - Sting                          Conjuration/Poison           1
   b - Cure Poison                    Poison                       2
   c - Mephitic Cloud                 Conjuration/Poison/Air       3
   d - Olgreb's Toxic Radiance        Poison                       4
   e - Venom Bolt                     Conjuration/Poison           5
Comestibles
 b - 6 bread rations
 l - a royal jelly
 r - 2 beef jerkies
 t - a chunk of flesh


   Skills:
 * Level 3.9(8.9) Fighting
 - Level 2.4(7.4) Dodging
 - Level 1.1(6.1) Stealth
 - Level 11.3(16.3) Unarmed Combat


You had 5 spell levels left.
You knew the following spells:

 Your Spells              Type           Power        Failure   Level  Hunger
a - Cure Poison           Pois           #.........   77%         2    ###....


Dungeon Overview and Level Annotations

Branches:
Dungeon (11/15)              Lair (0/8) D:9
 Temple: D:4-7          Orc: D:9-12

Altars:
Ashenzari
Dithmenos
Fedhas
Okawaru
Xom
Yredelemnul
The Shining One

Annotations:
D:11 Implojin's ghost, novice TrMo


Innate Abilities, Weirdness & Mutations

You are too large for most types of armour.
You have claws for hands.
Your metabolism is lightning-fast.
You like to eat raw meat.
You heal very quickly.
You are covered in fur (AC +1).
You have very tough skin (AC +2).


Message History

The worker ant poisons you!
You claw the worker ant!
You kill the worker ant!
Okawaru accepts your kill.
You feel sick.
You feel sick.
You climb upwards.
You feel sick.
There is a stone staircase leading down here.
You climb downwards.
You feel sick.
There is a stone staircase leading up here.
You feel sick.
You feel sick.
You feel sick.
You feel sick.
You feel sick.
You feel sick.
You feel sick.
You are no longer poisoned.
There is a stone staircase leading down here.
You gain the combat prowess of a mighty hero.
You feel slightly less full.
You climb downwards.
The hill giant barely misses you.
There is a stone staircase leading up here.
Unknown command.
You claw the hill giant!
The hill giant is moderately wounded.
The white ugly thing headbutts you! The white ugly thing freezes you!!
The hill giant hits you with a giant spiked club!!!
Ouch! That really hurt!
* * * LOW HITPOINT WARNING * * *
Read which item? (? for menu, Esc to quit)
Okay, then.
Drink which item? (? for menu, Esc to quit)
Okay, then.
You mangle the hill giant!! You claw the hill giant.
The hill giant is heavily wounded.
The white ugly thing headbutts you!
* * * LOW HITPOINT WARNING * * *
The white ugly thing freezes you!!
You die...

#.........#
#.....)...#
#.........#
#.........#
#.........#
#####'#####
#..# #u##
#@# #C# #.#
#.# #.# #.#
#.# #.#


You could see a white ugly thing and a hill giant.

Vanquished Creatures
  A hungry ghost (D:7)
  A yak (D:10)
  A sky beast (D:7)
  A black bear (D:6)
  3 ogres
  A necrophage (D:10)
  A centaur (D:10)
  An orc warrior (D:7)
  A big kobold (D:10)
  2 giant frogs
  A scorpion (D:4)
  5 wights (D:9)
  A crimson imp (D:10)
  A hound (D:6)
  4 worker ants
  2 iguanas
  3 sheep (D:11)
  A hound skeleton (D:9)
  Robin (D:2)
  3 adders
  2 oozes
  An adder skeleton (D:4)
  2 worms
  2 giant geckos
  4 orcs
  3 hobgoblins (D:2)
  A kobold (D:1)
  4 quokkas
  8 goblins (D:2)
  2 rats
64 creatures vanquished.

Notes
Turn   | Place    | Note
--------------------------------------------------------------
     0 | D:1      | Implojin the Troll Monk began the quest for the Orb.
     0 | D:1      | Reached XP level 1. HP: 22/22 MP: 0/0
    52 | D:2      | Reached XP level 2. HP: 22/29 MP: 1/1
    63 | D:2      | Noticed Robin
    92 | D:2      | Killed Robin
    92 | D:2      | Reached skill level 5 in Unarmed Combat
    92 | D:2      | Reached XP level 3. HP: 26/36 MP: 2/2
   273 | D:3      | Found a blossoming altar of Fedhas.
   413 | D:4      | Noticed a scorpion
   435 | D:4      | Killed a scorpion
   435 | D:4      | Reached XP level 4. HP: 35/44 MP: 3/3
   440 | D:4      | Reached skill level 6 in Unarmed Combat
   506 | D:4      | Noticed an ogre
   517 | D:4      | Killed an ogre
   517 | D:4      | Reached XP level 5. HP: 42/50 MP: 4/4
   533 | D:5      | Entered Level 5 of the Dungeon
   581 | D:6      | Noticed an ogre
   586 | D:6      | Killed an ogre
   586 | D:6      | Reached skill level 7 in Unarmed Combat
   586 | D:6      | Reached XP level 6. HP: 59/59 MP: 5/5
   695 | D:6      | Found a shadowy altar of Dithmenos.
   697 | D:6      | Found an iron altar of Okawaru.
   700 | D:6      | Found a shattered altar of Ashenzari.
   702 | D:6      | Found a glowing golden altar of the Shining One.
   703 | D:6      | Found a shimmering altar of Xom.
   705 | D:6      | Reached skill level 8 in Unarmed Combat
   714 | D:6      | Became a worshipper of Warmaster Okawaru
   714 | D:6      | Reached * piety under Okawaru
   714 | D:6      | Reached ** piety under Okawaru
   753 | D:6      | Noticed a black bear
   759 | D:6      | Killed a black bear
   781 | D:7      | Found a basalt altar of Yredelemnul.
   781 | D:7      | Noticed a hungry ghost
   787 | D:7      | Reached XP level 7. HP: 66/66 MP: 6/6
   791 | D:7      | Killed a hungry ghost
   791 | D:7      | Reached skill level 9 in Unarmed Combat
   987 | D:9      | Reached skill level 10 in Unarmed Combat
   990 | D:9      | Reached XP level 8. HP: 53/74 MP: 4/7
   998 | D:9      | Reached *** piety under Okawaru
  1020 | D:10     | Entered Level 10 of the Dungeon
  1141 | D:11     | Reached skill level 11 in Unarmed Combat
  1172 | D:11     | Noticed Implojin's ghost (novice TrMo)
  1174 | D:11     | Noticed a cyclops
  1282 | D:11     | Noticed a gargoyle
  1297 | D:10     | Reached skill level 3 in Fighting
  1319 | D:10     | Noticed a white ugly thing
  1319 | D:10     | Noticed a hill giant
  1365 | D:9      | Found a staircase to the Lair.
  1377 | D:9      | Learned a level 2 spell: Cure Poison
  1476 | D:10     | HP: 2/78 [white ugly thing (7)]
  1476 | D:10     | Demolished by a white ugly thing

Action                   |  1- 3 |  4- 6 |  7- 9 || total
-------------------------+-------+-------+-------++-------
Melee: Unarmed           |    80 |    29 |    88 ||   197
Throw: Large rock        |       |     2 |     5 ||     7
Invok: Heroism           |       |     1 |     5 ||     6
  Use: Scroll            |       |       |     3 ||     3
 Stab: Sleeping          |       |     1 |     1 ||     2
  Eat: Chunk             |     4 |     6 |     8 ||    18

Table legend:
 A = Turns spent in this place as a percentage of turns spent in the entire game.
 B = Non-inter-level travel turns spent in this place as a percentage of non-inter-level travel turns spent in the entire game.
 C = Inter-level travel turns spent in this place as a percentage of turns spent in this place.
 D = Turns resting spent in this place as a percentage of non-inter-level travel turns spent in this place.
 E = Turns spent auto-exploring this place as a percentage of non-inter-level travel turns spent in this place.
 F = Non-inter-level travel turns spent in this place divided by the number of levels of this place that you've seen.
                   A       B       C       D       E      F
               +-------+-------+-------+-------+-------+----------------------
         Total | 100.0 | 100.0 |   0.0 |   0.0 |   0.0 | 127.1
       Dungeon | 100.0 | 100.0 |   0.0 |   0.0 |   0.0 | 127.1
               +-------+-------+-------+-------+-------+----------------------

Table legend:
 A = Kills in this place as a percentage of kills in entire the game.
 B = Kills by you in this place as a percentage of kills by you in the entire game.
 C = Kills by friends in this place as a percentage of kills by friends in the entire game.
 D = Other kills in this place as a percentage of other kills in the entire game.
 E = Experience gained in this place as a percentage of experience gained in the entire game.
 F = Experience gained in this place divided by the number of levels of this place that you have seen.
                   A       B       C       D       E      F
               +-------+-------+-------+-------+-------+----------------------
         Total | 100.0 | 100.0 |  -nan |  -nan | 100.0 | 230.8
       Dungeon | 100.0 | 100.0 |  -nan |  -nan | 100.0 | 230.8
               +-------+-------+-------+-------+-------+----------------------
